 Dungeon Crawl Stone Soup version 0.23-a0-375-g66a18ee (webtiles) character file.

167 BingusPrime the Bolt Thrower (level 5, -1/46 HPs)
             Began as a Deep Dwarf Hunter on Oct 26, 2018.
             Was an Initiate of Makhleb.
             Slain by a crocodile (11 damage)
             ... in a sewer.
             The game lasted 00:09:16 (1854 turns).

BingusPrime the Bolt Thrower (Deep Dwarf Hunter)    Turns: 1854, Time: 00:09:17

Health: -1/46      AC:  3    Str: 16    XL:     5   Next: 23%
Magic:  5/5        EV: 12    Int: 11    God:    Makhleb [......]
Gold:   99         SH:  0    Dex: 14    Spells: 4/4 levels left

rFire    . . .     SeeInvis .   g - +1 hand axe (venom)
rCold    + . .     Gourm    .   (no shield)
rNeg     . . .     Faith    .   c - +0 leather armour
rPois    .         Spirit   .   (no helmet)
rElec    .         Reflect  .   (no cloak)
rCorr    .         Harm     .   (no gloves)
MR       .....                  (no boots)
Stlth    ++........             (no amulet)
HPRegen  0.00/turn              i - ring of protection from cold
MPRegen  0.09/turn              (no ring)

@: non-regenerating
A: damage resistance, heal wounds, sense surroundings 1, no regeneration
a: Heal Wounds, Renounce Religion


You were in a sewer.
You worshipped Makhleb.
Makhleb was noncommittal.
You were not hungry.

You visited 1 branch of the dungeon, and saw 3 of its levels.
You also visited: Sewer.

You collected 99 gold pieces.

Inventory:

Hand Weapons
 a - a +1 hand crossbow
 b - a +0 short sword
 g - a +1 hand axe of venom (weapon)
Missiles
 d - 21 bolts
Armour
 c - a +0 leather armour (worn)
Jewellery
 i - a ring of protection from cold (left hand)
Scrolls
 k - a scroll of identify
 o - a scroll of random uselessness
 p - a scroll of noise
 s - a scroll of blinking {unknown}
Potions
 e - a potion of ambrosia {unknown}
 h - a potion of curing {unknown}
 j - a potion of resistance {unknown}
 l - a potion of haste {unknown}
 m - 2 potions of heal wounds
 q - a potion of flight {unknown}
 r - a potion of mutation {unknown}
Comestibles
 f - 4 rations
 n - 3 chunks of flesh


   Skills:
 * Level 2.4 Fighting
 + Level 0.2 Axes
 * Level 6.4 Crossbows
 + Level 1.7 Armour
 + Level 2.3 Dodging
 + Level 1.3 Stealth


You had 4 spell levels left.
You didn't know any spells.
Your spell library was empty.

Dungeon Overview and Level Annotations

Branches:
Dungeon (3/15)

Altars:
Makhleb
Okawaru
Ru
The Shining One


Innate Abilities, Weirdness & Mutations

You are resistant to damage.
You can heal yourself by infusing magical energy.
You passively map a small area around you.
You do not regenerate.


Message History

Aim: a crocodile You shoot a bolt.
The bolt hits the crocodile.
The crocodile is moderately wounded.
Firing (i - inventory)
d - 22 bolts (quivered)
Press: ? - help, Shift-Dir - straight line, f/p - crocodile
Aim: a crocodile (moderately wounded)
You shoot a bolt. The bolt hits the crocodile!
The crocodile is heavily wounded.
Wield which item (- for none, * to show all)? (? for menu, Esc to quit)
Your +1 hand axe of venom begins to drip with poison!
g - a +1 hand axe of venom (weapon)
The crocodile bites you.
You barely miss the crocodile.
The crocodile is heavily wounded.
The crocodile bites you!
* * * LOW HITPOINT WARNING * * *
You hit the crocodile but do no damage.
The crocodile is poisoned.
The crocodile is heavily wounded.
The crocodile bites you!
You die...

*#.≈###.≈##
#... #.≈.#
#..# ##≈≈#
#.≈* #..#
#. #..# **
##..# #≈..#
##..## *
#≈@.#
#.≈..t##
#....(#
##..(##
#≈≈.* .#≈#
??#. ## ##
*


You could see a crocodile.

Vanquished Creatures
  An orc priest (D:3)
  An orc wizard (D:3)
  Terence (D:2)
  2 adders
  A river rat (D:3)
  2 worms (D:3)
  A dart slug (D:1)
  2 leopard geckos (D:3)
  2 orcs (D:3)
  A giant cockroach (D:3)
  7 goblins
  4 hobgoblins
  2 jackals (Sewer)
  A quokka (D:2)
  3 bats
  2 frilled lizards
  10 kobolds
  6 rats
  2 bushes (D:1)
  3 plants (D:1)
54 creatures vanquished.

Vanquished Creatures (others)
  An orc wizard (D:3)
1 creature vanquished.

Grand Total: 55 creatures vanquished

Notes
Turn   | Place    | Note
-------+----------+-------------------------------------------
     0 | D:1      | BingusPrime the Deep Dwarf Hunter began the quest for the
                  | Orb.
     0 | D:1      | Reached XP level 1. HP: 19/19 MP: 1/1
   325 | D:1      | Reached XP level 2. HP: 26/26 MP: 2/2
   386 | D:1      | Reached skill level 5 in Crossbows
  1105 | D:2      | Noticed Terence
  1111 | D:2      | Killed Terence
  1111 | D:2      | Reached XP level 3. HP: 32/32 MP: 3/3
  1116 | D:2      | Found a burning altar of Makhleb.
  1362 | D:2      | Became a worshipper of Makhleb the Destroyer
  1419 | D:2      | Found a glowing golden altar of the Shining One.
  1520 | D:2      | Reached skill level 1 in Armour
  1522 | D:2      | Found a sacrificial altar of Ru.
  1634 | D:3      | Found an iron altar of Okawaru.
  1737 | D:3      | Reached XP level 4. HP: 29/39 MP: 4/4
  1746 | D:3      | Reached skill level 6 in Crossbows
  1759 | D:3      | Reached XP level 5. HP: 33/46 MP: 5/5
  1784 | D:3      | Found a glowing drain.
  1799 | Sewer    | Entered a sewer
  1847 | Sewer    | Noticed a crocodile
  1854 | Sewer    | Slain by a crocodile

Vault maps used:
D:1:      onia_arrival_mini_maze_b, serial_forest,
          infiniplex_forest_lined_corner, infiniplex_forest_clump_medium,
          infiniplex_forest_end_3, infiniplex_forest_clump_medium,
          infiniplex_forest_lined_3, infiniplex_forest_clump_tiny,
          infiniplex_forest_3_way, infiniplex_forest_lined_1,
          hangedman_decor_peaks_small
D:2:      overflow_temple_1_default, nicolae_overflow_hidden_temple,
          bloody_makhleb, uniq_terence
D:3:      nicolae_overflow_crystal_walls, grunt_qazlal_clouds,
          lemuel_coloured_pillars_altar, okawaru_trees_2,
          gup_sewer_entry_bubbles, hangedman_decor_riveting, trog_butcher_becter
Sewer:    sewer_the_crocodile

Skill      XL: |  1  2  3  4 |
---------------+-------------+-----
Crossbows      | 5 6 |  6.4
Fighting       | 2 |  2.4
Armour         | 1 |  1.7
Axes           | |  0.2
Dodging        | |  2.3
Stealth        | |  1.3

Action                   |  1- 3 |  4- 6 || total
-------------------------+-------+-------++-------
Melee: Hand axe          |    48 |    34 ||    82
 Fire: Hand crossbow     |    65 |     5 ||    70
 Abil: Heal Wounds       |       |     1 ||     1
  Use: Scroll            |     6 |       ||     6
  Eat: Chunk             |     2 |     1 ||     3
Armor: Leather armour    |     4 |    11 ||    15
Dodge: Dodged            |    22 |    45 ||    67

Table legend:
 A = Non-vault XP
 B = Vault XP
 C = Vault XP percentage of total XP
 D = Non-vault monster count
 E = Vault monster count
 F = Vault count percentage of total count
                 A         B        C        D         E       F
            +---------+---------+-------+---------+---------+-------
      Total |     164 |      75 |  31.4 |      38 |      12 |  24.0
            +---------+---------+-------+---------+---------+-------
        D:1 |      27 |       0 |   0.0 |      16 |       0 |   0.0
        D:2 |      29 |      36 |  55.4 |      12 |       1 |   7.7
        D:3 |     108 |      31 |  22.3 |      10 |       6 |  37.5
      Sewer |       0 |       8 | 100.0 |       0 |       5 | 100.0
            +---------+---------+-------+---------+---------+-------
